 Dungeon Crawl Stone Soup version 0.22-a0-40-g3d2f077 (webtiles) character file.

25237 Lanoc the Grappler (level 12, -3/123 HPs)
             Began as a Troll Chaos Knight on Jan 4, 2018.
             Slain by a yak (6 damage)
             ... on level 13 of the Dungeon.
             The game lasted 00:34:23 (10323 turns).

Lanoc the Grappler (Troll Chaos Knight)            Turns: 10323, Time: 00:34:24

Health: -3/123     AC:  6    Str: 28    XL:     12   Next: 87%
Magic:  11/11      EV: 21    Int:  5    God:    Xom [.....*]
Gold:   791        SH:  0    Dex: 13    Spells: 11/11 levels left

rFire    . . .     SeeInvis .     - Unarmed
rCold    . . .     Gourm    +   (no shield)
rNeg     . . .     Faith    .   v - +1 robe of Fallacy {MR+ Slay+2}
rPois    .         Spirit   .   K - +0 hat {MR+}
rElec    .         Reflect  .   (no cloak)
rCorr    .         Harm     .   (gloves unavailable)
MR       +++++     Rnd*Rage +   (boots unavailable)
Stlth    ++........             n - necklace of Bloodlust {*Rage +Rage MR++ Int-3 Slay+6 *Curse} (curse)
HPRegen  0.70/turn              D - +5 ring of strength
MPRegen  0.12/turn              u - +6 ring of evasion

@: drained
A: large, unfitting armour, claws 3, fast metabolism 3, gourmand, magic
resistance 1, mutation resistance 1, regeneration 1, shaggy fur 1, tough skin 2,
MP-powered wands
a: Renounce Religion, Evoke Berserk Rage


You were on level 13 of the Dungeon.
You worshipped Xom.
You were Xom's teddy bear.
You were completely stuffed.

You visited 2 branches of the dungeon, and saw 14 of its levels.
You also visited: Ossuary.

You collected 791 gold pieces.

Inventory:

Hand Weapons
 G - the +4 quarterstaff of Untruth {freeze, +Inv rPois Str-3}
   (You found it on level 8 of the Dungeon)

   It has been specially enchanted to freeze those struck by it, causing extra
   injury to most foes and up to half again as much damage against particularly
   susceptible opponents.
   It can also slow down cold-blooded creatures.
   It affects your strength (-3).
   It protects you from poison.
   It lets you turn invisible.
Missiles
 w - 5 poisoned tomahawks (quivered)
 E - 3 large rocks
 L - 3 steel tomahawks
Armour
 v - the +1 robe of Fallacy (worn) {MR+ Slay+2}
   (You found it on level 6 of the Dungeon)

   It affects your accuracy and damage with ranged weapons and melee attacks
   (+2).
   It affects your resistance to hostile enchantments.
 K - a +0 hat of magic resistance (worn)
 O - a +0 troll leather armour
Magical Staves
 F - an uncursed staff of power
Jewellery
 a - an uncursed amulet of faith
 f - a +3 ring of strength
 n - the cursed necklace of Bloodlust (around neck) {*Rage +Rage MR++ Int-3 Slay+6 *Curse}
   (You found it on level 12 of the Dungeon)

   [amulet of rage]

   It affects your intelligence (-3).
   It affects your accuracy and damage with ranged weapons and melee attacks
   (+6).
   It affects your resistance to hostile enchantments.
   It lets you go berserk.
   It may make you go berserk in combat.
   It curses itself when equipped.
   It has a curse placed upon it.
 u - a +6 ring of evasion (right claw)
 x - an uncursed ring of magical power
 y - an uncursed amulet of regeneration
 D - a +5 ring of strength (left claw)
 N - an uncursed ring of resist corrosion
Wands
 g - a wand of scattershot (10)
 p - a wand of enslavement (10)
 H - a wand of random effects (22)
 J - a wand of paralysis (14)
 M - a wand of polymorph (3)
Scrolls
 c - 18 scrolls of remove curse
 h - 5 scrolls of amnesia
 j - 7 scrolls of identify
 q - 5 scrolls of enchant weapon
 z - 2 scrolls of enchant armour
 B - a scroll of fog
 Q - a scroll of brand weapon {unknown}
 R - a scroll of fear {unknown}
Potions
 d - 5 potions of haste
 e - a potion of magic
 i - 3 potions of lignification
 k - a potion of might
 l - a potion of cancellation
 m - a potion of agility
 o - 2 potions of curing
 r - 2 potions of resistance
 A - 3 potions of ambrosia
Books
 s - a book of Transfigurations

   Spells                             Type                      Level
   a - Irradiate                      Conjuration/Transmutation    5
   b - Statue Form                    Transmutation/Earth          6
   c - Hydra Form                     Transmutation                6
   d - Dragon Form                    Transmutation                7
 C - a book of Battle

   Spells                             Type                      Level
   a - Infusion                       Charms                       1
   b - Shroud of Golubria             Charms/Translocation         2
   c - Song of Slaying                Charms                       2
   d - Spectral Weapon                Hexes/Charms                 3
   e - Regeneration                   Charms/Necromancy            3
 P - a book of Callings

   Spells                             Type                      Level
   a - Summon Small Mammal            Summoning                    1
   b - Call Imp                       Summoning                    2
   c - Call Canine Familiar           Summoning                    3
   d - Summon Guardian Golem          Hexes/Summoning              3
   e - Summon Lightning Spire         Summoning/Air                4
   f - Summon Ice Beast               Ice/Summoning                4
Comestibles
 b - 29 rations
 t - 6 chunks of flesh


   Skills:
 + Level 9.3(9.1) Fighting
 + Level 9.4(9.2) Throwing
 + Level 9.4(9.2) Dodging
 - Level 1.2(1.1) Stealth
 + Level 12.3(12.1) Unarmed Combat


You had 11 spell levels left.
You didn't know any spells.

Dungeon Overview and Level Annotations

Branches:
Dungeon (13/15)            Temple (1/1) D:5            Lair (0/6) D:10
    Orc (0/2) D:10
 Vaults: D:13-14

Altars:
Ashenzari
Cheibriados
Dithmenos
Elyvilon
Fedhas
Gozag
Hepliaklqana
Kikubaaqudgha
Makhleb
Nemelex Xobeh
Okawaru
Qazlal
Ru
Sif Muna
Trog
Uskayaw
Vehumet
Wu Jian
Xom
Yredelemnul
Zin
The Shining One

Shops:
D:12 [


Innate Abilities, Weirdness & Mutations

You are too large for most types of armour.
You have claws for hands.
Your metabolism is lightning-fast.
You like to eat raw meat.
Your natural rate of healing is unusually fast.
You are covered in fur. (AC +1)
You have very tough skin. (AC +2)
You are resistant to hostile enchantments. (MR+)
You are somewhat resistant to further mutation.
You expend magic power (3 MP) to strengthen your wands.


Message History

You claw the ice dragon!
The ice dragon is almost dead.
The yak gores you!
Your iron imp hits the ice dragon but does no damage.
The yak closely misses you. The ice dragon breathes frost at you.
The blast of cold hits you!
* * * LOW HITPOINT WARNING * * *
You barely miss the ice dragon.
The ice dragon is almost dead.
The yak misses you.
Your iron imp barely misses the ice dragon.
The yak closely misses you.
You mangle the ice dragon!!
You kill the ice dragon!
The yak gores you!
* * * LOW HITPOINT WARNING * * *
The yak gores you.
You die...
Xom chuckles heartily!

#.........#......##.## ###
##.......###.........###..
.....###5.....###..........
..... #........#........###
.#..#. #(.#..#..#..#...###
# #..## ####..#######...# #
#. #..#5.#..#$.#....###.
#(.(..(..#...........
##YY@.J.###........#.
#......Y###T(....###...#
#......o..#........#....#
#..#.|.#..#$.#..#..#..#.#
## #.⌠.#######.T# #### ..
#.:. #!.#§.#..# .# .....
#..§.§§..# .# .....
##......## .....###.....


You could see a slime creature, 3 yaks, a troll, an orc and a friendly iron imp.

Vanquished Creatures
  A tentacled monstrosity (D:12)
  A very ugly thing (D:12)
  An ice dragon (D:13)
  The ghost of tidbits the Reanimator, a journeyman GnNe of Cheibriados (D:11)
  A centaur warrior (D:13)
  4 two-headed ogres
  2 unseen horrors
  The ghost of jazmu the Thaumaturge, a novice OpFE of Vehumet (D:7)
  An orc knight (D:13)
  3 ugly things
  2 deep elf magi (D:13)
  A cyclops (D:13)
  A manticore (D:13)
  A komodo dragon (D:10)
  The ghost of Armakuni the Skirmisher, a novice HuAr (D:5)
  3 demonic crawlers (D:12)
  2 large abominations (D:12)
  A troll (D:11)
  A hornet (D:12)
  4 hippogriffs
  A shadow (D:12)
  A vampire (D:9)
  4 yaks (D:12)
  A wraith (D:12)
  2 wyverns
  A human (D:7)
  4 hogs (D:7)
  Grum (D:8)
  2 hungry ghosts
  A chaos spawn (D:12)
  A neqoxec (D:12)
  Menkaure (D:7)
  2 water moccasins
  5 orc warriors
  3 sky beasts
  An eye of draining (D:11)
  6 phantoms
  3 ice beasts
  A necrophage (D:9)
  2 wolves (D:8)
  12 centaurs
  8 ogres
  A crocodile (D:10)
  5 small abominations (D:12)
  A big kobold (D:11)
  6 bullfrogs
  Blork the orc (D:5)
  4 water moccasin zombies (Ossuary)
  2 scorpions
  7 killer bees
  9 wights
  3 howler monkeys (D:8)
  2 crimson imps
  3 bullfrog zombies
  2 centaur zombies
  5 hounds
  2 bullfrog skeletons
  6 orc priests
  4 centaur skeletons
  4 jellies
  13 orc wizards
  7 worker ants
  6 iguanas
  A big kobold zombie (Ossuary)
  2 mummies (Ossuary)
  3 worker ant zombies
  8 adders
  2 shadow imps
  2 oozes
  2 adder zombies (Ossuary)
  3 adder skeletons
  5 worms
  A dart slug (D:1)
  7 leopard geckos
  45 orcs
  2 ball pythons
  3 bats
  6 giant cockroaches
  8 goblins
  7 hobgoblins
  6 jackals
  3 quokkas
  5 frilled lizards
  A gnoll zombie (Ossuary)
  5 hobgoblin zombies (Ossuary)
  A jackal skeleton (D:6)
  A jackal zombie (D:5)
  15 kobolds
  2 kobold zombies (Ossuary)
  A leopard gecko skeleton (D:7)
  4 orc zombies (Ossuary)
  A quokka zombie (D:5)
  12 rats
353 creatures vanquished.

Vanquished Creatures (collateral kills)
  2 big kobold zombies (Ossuary)
  3 adder zombies (Ossuary)
  4 gnoll zombies (Ossuary)
  6 kobold zombies (Ossuary)
  2 orc zombies (Ossuary)
17 creatures vanquished.

Vanquished Creatures (others)
  A blink frog (shapeshifter) (D:13)
  A yak (D:13)
  4 plants (D:10)
6 creatures vanquished.

Grand Total: 376 creatures vanquished

Notes
Turn   | Place    | Note
-------+----------+-------------------------------------------
     0 | D:1      | Lanoc the Troll Chaos Knight began the quest for the Orb.
     0 | D:1      | Reached XP level 1. HP: 22/22 MP: 0/0
   133 | D:1      | Reached XP level 2. HP: 29/29 MP: 1/1
   464 | D:2      | Reached XP level 3. HP: 33/36 MP: 2/2
   533 | D:2      | Found a faded altar of an unknown god.
   591 | D:2      | Found a glowing golden altar of the Shining One.
   620 | D:2      | Found a hazy altar of Hepliaklqana.
   691 | D:2      | XOM: mild Erth miscast
   751 | D:2      | Found a bloodstained altar of Trog.
   793 | D:2      | Reached skill level 4 in Unarmed Combat
   793 | D:2      | Reached XP level 4. HP: 45/45 MP: 3/3
  1027 | D:3      | Found a sparkling altar of Nemelex Xobeh.
  1027 | D:3      | XOM: harmless Pois miscast
  1099 | D:3      | Found a shattered altar of Ashenzari.
  1132 | D:3      | Found a radiant altar of Vehumet.
  1184 | D:3      | XOM: divination: detect items
  1255 | D:3      | XOM: harmless Erth miscast
  1574 | D:4      | XOM: summons 2 friendly demons
  1580 | D:4      | Reached XP level 5. HP: 53/53 MP: 4/4
  1592 | D:4      | Reached skill level 5 in Unarmed Combat
  1623 | D:4      | Found a sand-covered staircase.
  1640 | Ossuary  | XOM: stealth player
  1640 | Ossuary  | Entered an ossuary
  1690 | Ossuary  | XOM: cast spell 'Summon Dragon'
  1691 | Ossuary  | Reached XP level 6. HP: 10/61 MP: 5/5
  1696 | Ossuary  | XOM: polymorph storm dragon -> queen ant
  1882 | Ossuary  | XOM: harmless Tmut miscast
  1893 | Ossuary  | Reached skill level 1 in Stealth
  1893 | Ossuary  | Reached skill level 6 in Unarmed Combat
  1979 | D:4      | Reached XP level 7. HP: 67/67 MP: 6/6
  2359 | D:4      | Reached skill level 7 in Unarmed Combat
  2359 | D:4      | XOM is BORED!
  2359 | D:4      | XOM: noise
  2362 | D:4      | XOM: blink monster(s)
  2671 | D:5      | Entered Level 5 of the Dungeon
  2712 | D:5      | Found a staircase to the Ecumenical Temple.
  2720 | D:5      | Xom revived you
  2842 | D:5      | XOM: noise
  2912 | D:5      | XOM: potion effect (invisibility)
  2935 | D:5      | Reached skill level 1 in Throwing
  2935 | D:5      | Reached XP level 8. HP: 63/76 MP: 7/7
  2953 | D:5      | Noticed Armakuni's ghost (novice HuAr)
  2962 | D:5      | XOM: confusion (+ monsters)
  2973 | D:5      | Killed Armakuni's ghost
  2973 | D:5      | Reached skill level 8 in Unarmed Combat
  3050 | Temple   | Entered the Ecumenical Temple
  3161 | D:5      | Noticed Blork the orc
  3169 | D:5      | Killed Blork the orc
  3312 | D:5      | Found a shadowy altar of Dithmenos.
  3340 | D:5      | Found a stormy altar of Qazlal.
  3439 | D:5      | Found a snail-covered altar of Cheibriados.
  3458 | D:5      | XOM is BORED!
  3458 | D:5      | XOM: mild Air miscast
  3640 | D:6      | Got a heavily jewelled robe
  3651 | D:6      | Identified the +1 robe of Fallacy {MR+ Slay+2} (You found it on level 6 of the Dungeon)
  3707 | D:6      | Found an ornate altar of the Wu Jian Council.
  3720 | D:6      | XOM: divination: detect creatures
  3862 | D:6      | Reached XP level 9. HP: 73/85 MP: 8/8
  4159 | D:6      | XOM: enchant monster (good)
  4173 | D:6      | Reached skill level 5 in Dodging
  4476 | D:7      | Found an ancient bone altar of Kikubaaqudgha.
  4505 | D:7      | Reached skill level 5 in Fighting
  4592 | D:7      | XOM: enchant monster (good)
  4608 | D:7      | XOM: enchant monster (bad)
  4750 | D:7      | Noticed jazmu's ghost (novice OpFE)
  4755 | D:7      | XOM: confuse monster(s)
  4767 | D:7      | Killed jazmu's ghost
  4767 | D:7      | Reached skill level 9 in Unarmed Combat
  4828 | D:7      | XOM: mild Necr miscast
  4935 | D:7      | Found a deep blue altar of Sif Muna.
  4966 | D:7      | XOM: give mutation
  4966 | D:7      | Gained mutation: You expend magic power (3 MP) to strengthen your wands. [Xom's mischief]
  5032 | D:7      | XOM: mild Necr miscast
  5054 | D:7      | XOM: 2-stop teleportation journey
  5057 | D:7      | Noticed Menkaure
  5069 | D:7      | Killed Menkaure
  5161 | D:7      | Reached skill level 5 in Throwing
  5165 | D:7      | Reached XP level 10. HP: 57/98 MP: 9/9
  5182 | D:7      | XOM: 2-stop teleportation journey
  5546 | D:8      | Noticed Grum
  5562 | D:8      | Killed Grum
  5631 | D:8      | XOM: cast spell 'Alistair's Intoxication'
  5715 | D:8      | Got a pitted quarterstaff
  5716 | D:8      | Identified the +4 quarterstaff of Untruth {freeze, +Inv rPois Str-3} (You found it on level 8 of the Dungeon)
  5762 | D:8      | XOM: divination: magic mapping
  5763 | D:8      | XOM: harmless Summ miscast
  5776 | D:8      | XOM: harmless Pois miscast
  5812 | D:8      | Noticed a two-headed ogre
  5823 | D:8      | Killed a two-headed ogre
  5823 | D:8      | Reached skill level 10 in Unarmed Combat
  6050 | D:9      | XOM: summons 2 friendly demons
  6208 | D:9      | Noticed a two-headed ogre
  6209 | D:9      | XOM: divination: magic mapping
  6215 | D:9      | Killed a two-headed ogre
  6285 | D:9      | Reached XP level 11. HP: 89/109 MP: 10/10
  6400 | D:9      | XOM: mild Conj miscast
  6479 | D:9      | Noticed a two-headed ogre
  6480 | D:9      | XOM: noise
  6484 | D:9      | XOM: silly message
  6486 | D:9      | Killed a two-headed ogre
  6736 | D:9      | Found a deep blue altar of Sif Muna.
  6738 | D:9      | Found a burning altar of Makhleb.
  6738 | D:9      | Found a shimmering altar of Xom.
  6740 | D:9      | Found a hazy altar of Hepliaklqana.
  6740 | D:9      | Found a white marble altar of Elyvilon.
  6740 | D:9      | Found a radiant altar of Vehumet.
  6811 | D:10     | Entered Level 10 of the Dungeon
  6926 | D:10     | Found a staircase to the Lair.
  6939 | D:10     | XOM: divination: detect items
  7122 | D:10     | Found a staircase to the Orcish Mines.
  7138 | D:10     | XOM is BORED!
  7166 | D:10     | XOM: smoke on damage
  7168 | D:10     | Killed an unseen horror
  7710 | D:11     | XOM: harmless Chrm miscast
  7815 | D:11     | XOM: harmless Tloc miscast
  7891 | D:11     | Noticed tidbits's ghost (journeyman GnNe)
  7893 | D:11     | XOM: potion effect (berserk rage)
  7897 | D:11     | XOM: harmless Summ miscast
  7902 | D:11     | Killed tidbits's ghost
  7902 | D:11     | Reached skill level 11 in Unarmed Combat
  7908 | D:11     | Identified a scroll of acquirement
  7928 | D:11     | XOM: harmless Necr miscast
  7940 | D:11     | XOM: divination: detect items
  8052 | D:11     | XOM: enchant monster (good)
  8057 | D:11     | XOM: divination: detect items
  8074 | D:11     | Noticed a red ugly thing
  8092 | D:11     | XOM: divination: detect creatures
  8093 | D:11     | XOM: cast spell 'Alistair's Intoxication'
  8102 | D:11     | Killed a red ugly thing
  8151 | D:11     | XOM: harmless Air miscast
  8289 | D:11     | XOM: medium Erth miscast
  8449 | D:12     | Found Hoysal's Antique Armour Shop.
  8536 | D:12     | Noticed a two-headed ogre
  8541 | D:12     | Killed a two-headed ogre
  8769 | D:12     | Reached XP level 12. HP: 120/120 MP: 11/11
  8773 | D:12     | XOM: 8-stop teleportation journey
  9002 | D:12     | Found a runed door.
  9025 | D:12     | XOM: harmless Tloc miscast
  9097 | D:12     | XOM: mild Necr miscast
  9358 | D:12     | Noticed a tentacled monstrosity
  9359 | D:12     | Found the cursed necklace of Bloodlust {*Rage +Rage MR++ Int-3 Slay+6 *Curse}
  9366 | D:12     | XOM: confuse monster(s)
  9371 | D:12     | XOM: noise
  9390 | D:12     | XOM: enchant monster (good)
  9392 | D:12     | XOM: confuse monster(s)
  9428 | D:12     | XOM: summons 8 friendly demons
  9431 | D:12     | XOM: polymorph crimson imp -> shadow imp
  9438 | D:12     | Killed a tentacled monstrosity
  9449 | D:12     | Noticed a brown very ugly thing
  9465 | D:12     | XOM: silly message
  9472 | D:12     | XOM: cleaving
  9480 | D:12     | Killed a green very ugly thing
  9480 | D:12     | Reached skill level 12 in Unarmed Combat
  9768 | D:12     | XOM: harmless Tloc miscast
  9798 | D:13     | Noticed a two-headed ogre
  9799 | D:13     | XOM: confusion (+ monsters)
  9836 | D:13     | XOM: 1-stop teleportation journey
  9869 | D:13     | Noticed a centaur warrior
  9877 | D:13     | Killed a centaur warrior
  9913 | D:13     | Noticed an ice dragon
  9913 | D:13     | Noticed a centaur warrior
  9924 | D:13     | XOM: 1-stop teleportation journey
  9927 | D:13     | XOM: draining
  9932 | D:13     | XOM: potion effect (agility)
  9956 | D:13     | Noticed a two-headed ogre
  9983 | D:12     | XOM: god gift: 24 arrows
  9984 | D:12     | XOM: god gift: thick runed staff {god gift}
 10117 | D:13     | XOM: give mutations
 10117 | D:13     | Gained mutation: You are somewhat resistant to further mutation. [Xom's grace]
 10117 | D:13     | Gained mutation: You are resistant to hostile enchantments. (MR+) [Xom's grace]
 10181 | D:13     | XOM: divine lightning
 10183 | D:13     | XOM: summons friendly iron imp
 10245 | D:13     | XOM: god gift: 57 gold pieces
 10253 | D:13     | XOM: 5-stop teleportation journey
 10323 | D:13     | Killed an ice dragon
 10323 | D:13     | HP: 3/123 [yak (16)]
 10323 | D:13     | Slain by a yak

Vault maps used:
D:1:      lemuel_arrival_behind_the_door_large
D:2:      nicolae_overflow_crystal_walls, lemuel_round_altar,
          old_standard_altar, chequers_ecumenical_altar_grove
D:3:      nemelex_xobeh_ov_fountains_minmay, vehumet_crystals,
          old_standard_altar
D:4:      kennysheep_big_flooded_room, lightli_ossuary_entry_decrepit_ruins
D:5:      grunt_qazlal_sundering, slow_altar_2, lemuel_crystal_altar,
          minmay_temple_entry_mist, first_ration, uniq_blork_the_orc
D:6:      nicolae_overflow_hidden_temple
D:7:      kennysheep_mini, grunt_livestock, led_sif_pool, uniq_menkaure
D:8:      uniq_grum
D:9:      doesnt_xom_only_xom
D:10:     david_lair_shrubbed, orc_0_dummy
D:11:     kennysheep_generic_room_9
D:12:     cheibrodos_body_horror, serial_shops, shop, kennysheep_generic_room_5
D:13:     hangedman_cross_cluster, david_vaults_1, st_stairs_6
Temple:   eino_wide_crystal_templ
Ossuary:  ossuary_tomb_2

Skill      XL: |  1  2  3  4  5  6  7  8  9 10 11 12 |
---------------+-------------------------------------+-----
Dodging        | 2 3 4 6 7 8 9 |  9.4
Fighting       | 3 4 5 7 8 9 |  9.3
Unarmed Combat | 4 5 6 7 8 9 10 11 12 | 12.3
Stealth        | 1 |  1.2
Throwing       | 1 3 5 6 8 9 |  9.4

Action                   |  1- 3 |  4- 6 |  7- 9 | 10-12 || total
-------------------------+-------+-------+-------+-------++-------
Melee: Unarmed           |    94 |   168 |   267 |   559 ||  1088
       Punch             |     2 |     3 |    12 |    29 ||    46
Throw: Tomahawk          |       |       |       |     5 ||     5
       Large rock        |       |       |       |     4 ||     4
Evoke: Wand              |       |       |       |     1 ||     1
  Use: Scroll            |       |    10 |     9 |    10 ||    29
       Potion            |       |       |       |    15 ||    15
 Stab: Sleeping          |     2 |     4 |     3 |     3 ||    12
       Invisible         |       |       |     2 |     2 ||     4
       Petrified         |       |       |     2 |       ||     2
       Confused          |       |       |     1 |       ||     1
       Distracted        |       |       |       |     1 ||     1
  Eat: Chunk             |    13 |     8 |    30 |    55 ||   106
Armor: Robe              |    30 |    47 |    50 |    50 ||   177
Dodge: Dodged            |    28 |    57 |   131 |   376 ||   592

Table legend:
 A = Spawn XP
 B = Non-spawn XP
 C = Spawn XP percentage of total XP
 D = Spawn monster count
 E = Non-spawn monster count
 F = Spawn count percentage of total count
 G = Total turns spent on level
                    A         B        C        D         E        F      G
               +---------+---------+-------+---------+---------+-------+---------
         Total |       0 |   36054 |   0.0 |       0 |     371 |   0.0 | 10323
               +---------+---------+-------+---------+---------+-------+---------
           D:1 |       0 |      39 |   0.0 |       0 |      24 |   0.0 |   457
           D:2 |       0 |      75 |   0.0 |       0 |      16 |   0.0 |   560
           D:3 |       0 |      70 |   0.0 |       0 |      27 |   0.0 |   542
           D:4 |       0 |     359 |   0.0 |       0 |      21 |   0.0 |   806
           D:5 |       0 |    1331 |   0.0 |       0 |      29 |   0.0 |   851
           D:6 |       0 |     853 |   0.0 |       0 |      19 |   0.0 |   865
           D:7 |       0 |    2857 |   0.0 |       0 |      31 |   0.0 |   956
           D:8 |       0 |    2831 |   0.0 |       0 |      33 |   0.0 |   636
           D:9 |       0 |    3609 |   0.0 |       0 |      30 |   0.0 |   778
          D:10 |       0 |    2263 |   0.0 |       0 |      21 |   0.0 |   803
          D:11 |       0 |    3435 |   0.0 |       0 |      22 |   0.0 |   835
          D:12 |       0 |   12540 |   0.0 |       0 |      44 |   0.0 |  1444
          D:13 |       0 |    5353 |   0.0 |       0 |      16 |   0.0 |   430
       Ossuary |       0 |     439 |   0.0 |       0 |      38 |   0.0 |   306
               +---------+---------+-------+---------+---------+-------+---------
